 Dungeon Crawl Stone Soup version 0.16-b1 (webtiles) character file.

702 McCoppin the Covert (level 7, -13/62 HPs)
             Began as a Naga Assassin on Mar 14, 2015.
             Was an Initiate of Dithmenos.
             Mangled by an orc warrior
             ... wielding a +0 long sword
              (16 damage)
             ... on level 6 of the Dungeon.
             The game lasted 00:34:17 (6184 turns).

McCoppin the Covert (Naga Assassin)                 Turns: 6184, Time: 00:34:18

Health: -13/62     AC:  6    Str: 13    XL:     7   Next: 66%
Magic:  7/7        EV:  9    Int: 12    God:    Dithmenos [......]
Gold:   187        SH:  0    Dex: 14    Spells: 0 memorised, 6 levels left

rFire  . . .     SeeInvis +     a - +2 dagger
rCold  . . .     Clarity  .     t - +0 leather armour
rNeg   . . .     SustAb   .     (no shield)
rPois  +         Gourm    .     l - +0 helmet
rElec  .         Spirit   .     d - +0 cloak
rCorr  .         Warding  .     (no gloves)
rMut   .         Stasis   .     (no barding)
MR     .....                    (no amulet)
Stlth  ++++++....               (no ring)
                                (no ring)

@: very slow, not resistant to hostile enchantments, very stealthy
A: spit poison, see invisible, deformed body, poison resistance, slowness 2, AC
+2
a: Spit Poison, Renounce Religion


You were on level 6 of the Dungeon.
You worshipped Dithmenos.
Dithmenos was noncommittal.
You were not hungry.

You visited 2 branches of the dungeon, and saw 7 of its levels.

You collected 187 gold pieces.

Inventory:

Hand weapons
 a - a +2 dagger (weapon)
 b - a +1 blowgun
 u - a +0 war axe
 v - a +2 vampiric short sword
Missiles
 e - 3 poisoned needles
 f - a curare-tipped needle
 r - 72 arrows
 s - 17 bolts
Armour
 c - a +0 robe
 d - a +0 cloak (worn)
 l - a +0 helmet (worn)
 t - a +0 leather armour (worn)
Magical staves
 m - an uncursed staff of fire
Jewellery
 j - an uncursed amulet of guardian spirit {unknown}
Magical devices
 h - a wand of digging (12)
Scrolls
 n - a scroll of identify
 p - a scroll of amnesia
Potions
 k - a potion of restore abilities
Books
 i - a book of Necromancy

   Spells                             Type                      Level
   a - Pain                           Necromancy                   1
   b - Animate Skeleton               Necromancy                   1
   c - Vampiric Draining              Necromancy                   3
   d - Regeneration                   Charms/Necromancy            3
   e - Animate Dead                   Necromancy                   4
   f - Control Undead                 Necromancy                   4
Comestibles
 g - 2 bread rations


   Skills:
 + Level 3.2 Fighting
 - Level 2.0 Short Blades
 - Level 1.7 Throwing
 + Level 1.8 Armour
 - Level 0.7 Dodging
 - Level 12.3 Stealth


You had 6 spell levels left.
You didn't know any spells.

Dungeon Overview and Level Annotations

Branches:
Dungeon (6/15)             Temple (1/1) D:5

Altars:
Ashenzari
Cheibriados
Dithmenos
Elyvilon
Fedhas
Gozag
Kikubaaqudgha
Makhleb
Nemelex Xobeh
Okawaru
Qazlal
Ru
Sif Muna
Trog
Vehumet
Xom
Yredelemnul
Zin
The Shining One

Annotations:
D:4 asthiss' ghost, experienced MiBe


Innate Abilities, Weirdness & Mutations

You cannot wear boots.
You can spit poison.
Your serpentine skin is tough (AC +2).
You have supernaturally acute eyesight.
Armour fits poorly on your strangely shaped body.
Your system is resistant to poisons.
You cover ground very slowly.


Message History

You closely miss the orc warrior.
The orc warrior is almost dead.
The orc warrior hits you with a long sword.
* * * LOW HITPOINT WARNING * * *
You closely miss the orc warrior.
The orc warrior is almost dead.
You hit the orc warrior.
The orc warrior is almost dead.
The orc warrior hits you with a long sword!
* * * LOW HITPOINT WARNING * * *
You hit the orc warrior.
The orc warrior is almost dead.
The orc warrior hits you but does no damage.
You hit the orc warrior but do no damage.
The orc warrior is almost dead.
You feel less woody.
Your +0 cloak unmelds from your body.
Your +0 helmet unmelds from your body.
Your +0 leather armour unmelds from your body.
The orc warrior hits you with a long sword!
You die...

#######
#..@o.#
#.###.# #.#
#.#
#######.###o#
#.....#..#...
#.###.##.#(.#
#.# #.##.#..#
#.# #(##.#..#
#.# #.##.#o.#


You could see an orc warrior.

Vanquished Creatures
  A sky beast (D:5)
  A phantom (D:4)
  An ogre (D:4)
  A scorpion (D:4)
  An orc wizard (D:6)
  A hound (D:6)
  6 worker ants
  A worker ant zombie (D:5)
  4 adders
  4 gnolls
  3 worms
  3 giant geckos
  An ooze (D:3)
  5 orcs
  3 giant cockroaches
  7 hobgoblins
  7 jackals
  7 kobolds
  4 quokkas
  5 bats
  2 giant newts (D:2)
  15 goblins
  2 jackal skeletons (D:4)
  8 rats
93 creatures vanquished.

Notes
Turn   | Place    | Note
--------------------------------------------------------------
     0 | D:1      | McCoppin, the Naga Assassin, began the quest for the Orb.
     0 | D:1      | Reached XP level 1. HP: 19/19 MP: 1/1
    54 | D:1      | Reached skill level 6 in Stealth
   242 | D:1      | Reached XP level 2. HP: 16/26 MP: 2/2
   595 | D:1      | Reached skill level 7 in Stealth
   736 | D:2      | Reached XP level 3. HP: 18/32 MP: 3/3
  1237 | D:4      | Noticed a scorpion
  1245 | D:4      | Killed a scorpion
  1245 | D:4      | Reached skill level 9 in Stealth
  1245 | D:4      | Reached XP level 4. HP: 39/39 MP: 4/4
  1318 | D:4      | Reached XP level 5. HP: 23/45 MP: 5/5
  1639 | D:4      | Noticed an ogre
  1726 | D:4      | Noticed an ogre
  1738 | D:4      | Killed an ogre
  1738 | D:4      | Reached skill level 10 in Stealth
  1993 | D:4      | Noticed asthiss' ghost (experienced MiBe)
  2283 | D:3      | Reached XP level 6. HP: 52/52 MP: 6/6
  2553 | D:3      | Found a sacrificial altar of Ru.
  3142 | D:3      | Reached skill level 11 in Stealth
  3232 | D:5      | Entered Level 5 of the Dungeon
  3923 | D:4      | Noticed a phantom
  3928 | D:4      | Killed a phantom
  3928 | D:4      | Reached skill level 12 in Stealth
  3928 | D:4      | Reached XP level 7. HP: 60/60 MP: 7/7
  4068 | D:4      | Found a staircase to the Ecumenical Temple.
  4604 | D:5      | Reached skill level 1 in Armour
  4669 | D:5      | Found a staircase to the Ecumenical Temple.
  4682 | Temple   | Entered the Ecumenical Temple
  4840 | Temple   | Became a worshipper of Dithmenos the Shadowed
  6184 | D:6      | Mangled by an orc warrior

Action                   |  1- 3 |  4- 6 |  7- 9 || total
-------------------------+-------+-------+-------++-------
Melee: Dagger            |    55 |   180 |   221 ||   456
       War axe           |       |    24 |    68 ||    92
 Fire: Blowgun           |    22 |    23 |    12 ||    57
 Abil: Spit Poison       |       |     1 |       ||     1
  Use: Scroll            |     1 |    10 |       ||    11
       Potion            |       |     3 |     5 ||     8
 Stab: Sleeping          |    15 |    13 |     8 ||    36
       Distracted        |       |     1 |       ||     1
  Eat: Chunk             |     1 |     3 |     3 ||     7
       Bread ration      |       |     1 |     1 ||     2
       Beef jerky        |       |     1 |       ||     1
